[Event "AUT Bundesliga Women 2021-22"]
[Site "Austria"]
[Date "2022.03.26"]
[Round "6.6"]
[White "Imnadze, Nato"]
[Black "Berke, Ana"]
[Result "1-0"]
[ECO "B24"]
[WhiteElo "2238"]
[BlackElo "2140"]
[Annotator "ChessBase"]
[PlyCount "55"]
[EventDate "2021.11.06"]
[EventType "team-tourn"]
[EventCountry "AUT"]
[SourceTitle "playchess.com"]
[Source "ChessBase"]
[SourceQuality "1"]
[TimeControl "40/5400+30:1800+30"]

1. e4 c5 2. Nc3 Nc6 3. Bb5 Nd4 4. Bc4 g6 5. Nf3 Bg7 6. Nxd4 cxd4 7. Qf3 e6 8. Nb5 d6 9. Qa3 Ke7 10. c3 e5 11. cxd4 exd4 12. Qd3 Qb6 13. O-O Be6 14. b3 a6 15. Na3 Nf6 16. Bxe6 fxe6 17. Nc4 Qc6 18. e5 Nd7 19. f4 Qd5 20. Nxd6 Nc5 21. Qg3 Raf8 22. Ba3 b6 23. Rac1 Rxf4 24. Qxf4 Bxe5 25. Qf7+ Kxd6 26. b4 Nd7 27. b5+ Nc5 28. Qa7 1-0

[Event "AUT Bundesliga Women 2021-22"]
[Site "Austria"]
[Date "2022.03.26"]
[Round "6.7"]
[White "Krassnitzer, Julia"]
[Black "Hrescak, Ivana"]
[Result "1/2-1/2"]
[ECO "B51"]
[WhiteElo "1793"]
[BlackElo "2161"]
[Annotator "NA"]
[PlyCount "60"]
[EventDate "2021.11.06"]
[EventType "team-tourn"]
[EventCountry "AUT"]
[SourceTitle "playchess.com"]
[Source "ChessBase"]
[SourceQuality "1"]
[TimeControl "40/5400+30:1800+30"]

1. e4 c5 2. Nf3 d6 3. Bb5+ Nd7 4. c3 a6 5. Ba4 e6 6. O-O Ngf6 7. Re1 Be7 8. d4 b5 9. Bc2 Bb7 10. b3 Rc8 11. a4 cxd4 12. axb5 axb5 13. Nxd4 Nc5 14. f3 Qb6 15. Be3 b4 16. c4 O-O 17. Qd2 Ra8 18. Rxa8 Rxa8 19. Nb5 d5 20. exd5 exd5 21. Bd4 Bf8 22. Qxb4 Rd8 23. Qc3 dxc4 24. bxc4 Ba6 25. N1a3 Qc6 26. Bxf6 Qxf6 27. Qxf6 gxf6 28. Rb1 Rd2 29. Rd1 Rxd1+ 30. Bxd1 Bxb5 1/2-1/2

[Event "AUT Bundesliga Women 2021-22"]
[Site "Austria"]
[Date "2022.03.26"]
[Round "6.8"]
[White "Trippold, Denise"]
[Black "Krassnitzer, Maria"]
[Result "1-0"]
[ECO "A48"]
[WhiteElo "2068"]
[BlackElo "1654"]
[Annotator "NA"]
[PlyCount "65"]
[EventDate "2021.11.06"]
[EventType "team-tourn"]
[EventCountry "AUT"]
[SourceTitle "playchess.com"]
[Source "ChessBase"]
[SourceQuality "1"]
[TimeControl "40/5400+30:1800+30"]

1. d4 Nf6 2. Nf3 g6 3. c4 Bg7 4. Nc3 d6 5. e4 O-O 6. h3 c5 7. d5 e6 8. Bd3 a6 9. a4 h6 10. Be3 e5 11. Nd2 Nh5 12. g3 Nf6 13. g4 g5 14. Nf1 a5 15. Ng3 Na6 16. Qd2 Nb4 17. O-O-O Nd7 18. h4 Nxd3+ 19. Qxd3 Nf6 20. hxg5 Nxg4 21. Rdg1 hxg5 22. Nd1 f6 23. f3 Nh6 24. Qd2 Bd7 25. Nh5 Nf7 26. b3 b6 27. Nf2 Qe7 28. Kb2 Nh6 29. Nxg7 Kxg7 30. Bxg5 fxg5 31. Rxg5+ Kh7 32. Rxh6+ Kxh6 33. Rxe5+ 1-0

[Event "AUT Bundesliga Women 2021-22"]
[Site "Austria"]
[Date "2022.03.26"]
[Round "6.9"]
[White "Motycakova, Monika"]
[Black "Schnegg, Anna-Lena"]
[Result "1-0"]
[ECO "B07"]
[WhiteElo "2102"]
[BlackElo "2177"]
[Annotator "ChessBase"]
[PlyCount "107"]
[EventDate "2021.11.06"]
[EventType "team-tourn"]
[EventCountry "AUT"]
[SourceTitle "playchess.com"]
[Source "ChessBase"]
[SourceQuality "1"]
[TimeControl "40/5400+30:1800+30"]

1. e4 d6 2. d4 Nf6 3. Nc3 c6 4. f4 Qa5 5. e5 Ne4 6. Bd3 Nxc3 7. Qd2 c5 8. bxc3 dxe5 9. fxe5 Nc6 10. Ne2 Be6 11. O-O cxd4 12. cxd4 Qxd2 13. Bxd2 O-O-O 14. Be3 g5 15. Bf5 Bxf5 16. Rxf5 f6 17. e6 Rd6 18. d5 Ne5 19. c4 b5 20. cxb5 Rxd5 21. Bxa7 Rxb5 22. a4 Rb2 23. Nd4 Bh6 24. Bc5 g4 25. Nb5 Rd8 26. Rf2 Rxf2 27. Bxf2 Rd5 28. Kf1 Nd3 29. Bg3 Nc5 30. Nc7 Rd3 31. Nb5 Nxe6 32. a5 Nc5 33. a6 Rd8 34. a7 Kb7 35. Nc7 Ra8 36. Rb1+ Kxa7 37. Ra1+ Kb7 38. Nxa8 Ne4 39. Ra4 Nxg3+ 40. hxg3 f5 41. Ra5 e6 42. Re5 Kxa8 43. Rxe6 Bc1 44. Rf6 Kb7 45. Ke2 h6 46. Kd3 Kc7 47. Kc4 Bg5 48. Rxf5 Kd6 49. Kd4 Ke6 50. Ke4 Bd2 51. Rf8 Bc1 52. Rg8 Bg5 53. Rg6+ Bf6 54. Rxh6 1-0

[Event "AUT Bundesliga Women 2021-22"]
[Site "Austria"]
[Date "2022.03.26"]
[Round "6.10"]
[White "Mayrhuber, Nikola"]
[Black "Kurapova, Olga"]
[Result "0-1"]
[ECO "D27"]
[WhiteElo "2118"]
[BlackElo "1893"]
[Annotator "ChessBase"]
[PlyCount "84"]
[EventDate "2021.11.06"]
[EventType "team-tourn"]
[EventCountry "AUT"]
[SourceTitle "playchess.com"]
[Source "ChessBase"]
[SourceQuality "1"]
[TimeControl "40/5400+30:1800+30"]

1. d4 d5 2. c4 dxc4 3. Nf3 Nf6 4. e3 e6 5. Bxc4 c5 6. O-O a6 7. a3 b5 8. Ba2 Bb7 9. Nc3 Nbd7 10. Qe2 Be7 11. Rd1 Qc7 12. e4 cxd4 13. Nxd4 Nc5 14. e5 Nfe4 15. Nxe4 Nxe4 16. Bf4 O-O 17. Qg4 Bc5 18. Rac1 Qe7 19. Bh6 f5 20. Bxe6+ Kh8 21. Nxf5 Rxf5 22. Rd7 Rg5 23. Bxg5 Qxg5 24. Rxc5 Qxg4 25. Bxg4 Nxc5 26. Rc7 h5 27. Be2 Rc8 28. Re7 Bd5 29. f4 Ne4 30. g3 Rc1+ 31. Kg2 Rc2 32. Kf1 Rxb2 33. Re8+ Kh7 34. Bd3 Rd2 35. Bxe4+ Bxe4 36. Re6 a5 37. Rb6 Bd3+ 38. Ke1 Rxh2 39. Rd6 Bc4 40. Rb6 Rg2 41. Rb7 Rxg3 42. Kf2 Rf3+ 0-1

[Event "AUT Bundesliga Women 2021-22"]
[Site "Austria"]
[Date "2022.03.26"]
[Round "6.11"]
[White "Wielander, Magdalena"]
[Black "Konecny, Sophie"]
[Result "0-1"]
[ECO "C09"]
[WhiteElo "1178"]
[BlackElo "1835"]
[Annotator "NA"]
[PlyCount "50"]
[EventDate "2021.11.06"]
[EventType "team-tourn"]
[EventCountry "AUT"]
[SourceTitle "playchess.com"]
[Source "ChessBase"]
[SourceQuality "1"]
[TimeControl "40/5400+30:1800+30"]

1. e4 e6 2. d4 d5 3. Nd2 c5 4. exd5 exd5 5. Ngf3 Nc6 6. dxc5 Bxc5 7. Nb3 Bb6 8. Bd3 Nge7 9. c3 Bg4 10. O-O h6 11. Re1 O-O 12. Bc2 Qd7 13. Be3 Qc7 14. Nbd4 Nxd4 15. Bxd4 Bxf3 16. Qxf3 Bxd4 17. Qd3 Bxf2+ 18. Kxf2 Qb6+ 19. Kf1 g6 20. b4 Rae8 21. Re3 Nf5 22. Re2 Ne3+ 23. Ke1 Nxc2+ 24. Qxc2 Qg1+ 25. Kd2 Qxa1 0-1

[Event "AUT Bundesliga Women 2021-22"]
[Site "Austria"]
[Date "2022.03.26"]
[Round "6.12"]
[White "Wu, Min"]
[Black "Wolf, Elena"]
[Result "1-0"]
[ECO "C47"]
[WhiteElo "1952"]
[BlackElo "1147"]
[Annotator "NA"]
[PlyCount "53"]
[EventDate "2021.11.06"]
[EventType "team-tourn"]
[EventCountry "AUT"]
[SourceTitle "playchess.com"]
[Source "ChessBase"]
[SourceQuality "1"]
[TimeControl "40/5400+30:1800+30"]

1. e4 e5 2. Nf3 Nc6 3. Nc3 Nf6 4. d4 exd4 5. Nxd4 Bb4 6. Nxc6 bxc6 7. Bd3 d5 8. exd5 cxd5 9. O-O O-O 10. h3 Re8 11. Qf3 Be6 12. Bf4 c6 13. Ne2 Bd6 14. Rad1 Qd7 15. Nd4 Bxf4 16. Qxf4 Rab8 17. b3 Qb7 18. c3 Bd7 19. Rfe1 Qb6 20. Nf5 Kf8 21. Nxg7 Kxg7 22. Qg5+ Kf8 23. Qxf6 Be6 24. Bf5 c5 25. Bxe6 Rxe6 26. Rxe6 Qxe6 27. Qh8+ 1-0

[Event "AUT Bundesliga Women 2021-22"]
[Site "Austria"]
[Date "2022.03.26"]
[Round "6.13"]
[White "Rozman, Monika"]
[Black "Mihok-Juhasz, Barbara"]
[Result "1/2-1/2"]
[ECO "B04"]
[WhiteElo "2094"]
[BlackElo "2275"]
[Annotator "ChessBase"]
[PlyCount "98"]
[EventDate "2021.11.06"]
[EventType "team-tourn"]
[EventCountry "AUT"]
[SourceTitle "playchess.com"]
[Source "ChessBase"]
[SourceQuality "1"]
[TimeControl "40/5400+30:1800+30"]

1. e4 Nf6 2. e5 Nd5 3. d4 d6 4. Nf3 g6 5. Be2 Bg7 6. O-O dxe5 7. Nxe5 O-O 8. Re1 c6 9. Na3 Be6 10. h4 Nd7 11. Nf3 Bg4 12. c3 Re8 13. Nc4 Qc7 14. Nfe5 Nxe5 15. Nxe5 Bxe2 16. Qxe2 e6 17. c4 Nf6 18. Bf4 Qd8 19. Nf3 Nd7 20. Rad1 Qa5 21. b4 Qf5 22. Bd6 a5 23. a3 axb4 24. axb4 Qg4 25. Qc2 Nf6 26. Be5 Ra3 27. Bg3 Rea8 28. Ne5 Qf5 29. Qxf5 gxf5 30. Rb1 Ne4 31. b5 Nc3 32. Rb4 cxb5 33. cxb5 Ra1 34. Rxa1 Rxa1+ 35. Kh2 Nd5 36. Rc4 Ra8 37. Nd3 Bf6 38. Nf4 Nxf4 39. Bxf4 Bxh4 40. Rc7 b6 41. Rb7 Bd8 42. Bh6 Bf6 43. Rxb6 Bxd4 44. Ra6 Rb8 45. f4 Bb6 46. Ra3 Bf2 47. Rf3 Bh4 48. Rh3 Bf2 49. Rf3 Bh4 1/2-1/2

[Event "AUT Bundesliga Women 2021-22"]
[Site "Austria"]
[Date "2022.03.26"]
[Round "6.14"]
[White "Miturova, Magdalena"]
[Black "Mihelic, Vesna"]
[Result "1-0"]
[ECO "C60"]
[WhiteElo "2205"]
[BlackElo "1875"]
[Annotator "ChessBase"]
[PlyCount "57"]
[EventDate "2021.11.06"]
[EventType "team-tourn"]
[EventCountry "AUT"]
[SourceTitle "playchess.com"]
[Source "ChessBase"]
[SourceQuality "1"]
[TimeControl "40/5400+30:1800+30"]

1. e4 e5 2. Nf3 Nc6 3. Bb5 g6 4. c3 a6 5. Bc4 d6 6. d4 Bg7 7. Bg5 Nge7 8. dxe5 dxe5 9. Nbd2 O-O 10. b4 h6 11. Be3 Kh7 12. h4 f6 13. a4 Bd7 14. Nb3 Qc8 15. Nc5 Bg4 16. Qb3 Nd8 17. a5 Nec6 18. Nh2 Re8 19. Nxg4 Qxg4 20. Kf1 Na7 21. Rd1 Nb5 22. Rd7 Ne6 23. Bxe6 f5 24. h5 Nd6 25. hxg6+ Qxg6 26. Rxd6 cxd6 27. Bxf5 Qxf5 28. exf5 dxc5 29. f6 1-0

[Event "AUT Bundesliga Women 2021-22"]
[Site "Austria"]
[Date "2022.03.26"]
[Round "6.15"]
[White "Goeschl, Ortrun"]
[Black "Exler, Veronika"]
[Result "0-1"]
[ECO "A00"]
[WhiteElo "1898"]
[BlackElo "2089"]
[Annotator "ChessBase"]
[PlyCount "84"]
[EventDate "2021.11.06"]
[EventType "team-tourn"]
[EventCountry "AUT"]
[SourceTitle "playchess.com"]
[Source "ChessBase"]
[SourceQuality "1"]
[TimeControl "40/5400+30:1800+30"]

1. Nc3 d5 2. e4 d4 3. Nce2 e5 4. Ng3 c5 5. Bc4 Nc6 6. Nf3 Be7 7. d3 h5 8. h3 h4 9. Ne2 Nh6 10. c3 g5 11. Qb3 f6 12. Bd5 Na5 13. Qc2 Nf7 14. Nh2 Bd7 15. Ng4 Rc8 16. Bd2 Qb6 17. c4 Nc6 18. f3 Nb4 19. Bxb4 Qxb4+ 20. Qd2 Qxd2+ 21. Kxd2 Bc6 22. Bxf7+ Kxf7 23. Rab1 a6 24. a3 b5 25. b3 Rb8 26. Rhc1 Bd7 27. Rh1 Rb7 28. Kc2 Rhb8 29. Nh6+ Kg6 30. Ng4 Bd6 31. Nc1 a5 32. Nf2 Be6 33. Ne2 Be7 34. Rhg1 Bd7 35. Rgc1 bxc4 36. dxc4 a4 37. b4 cxb4 38. axb4 Rxb4 39. Nd3 Rxc4+ 40. Kd1 Rxc1+ 41. Rxc1 a3 42. Ra1 Be6 0-1

[Event "AUT Bundesliga Women 2021-22"]
[Site "Austria"]
[Date "2022.03.26"]
[Round "6.16"]
[White "Moerwald, Magdalena"]
[Black "Zeber, Katja"]
[Result "1-0"]
[ECO "C44"]
[WhiteElo "1895"]
[BlackElo "1625"]
[Annotator "NA"]
[PlyCount "59"]
[EventDate "2021.11.06"]
[EventType "team-tourn"]
[EventCountry "AUT"]
[SourceTitle "playchess.com"]
[Source "ChessBase"]
[SourceQuality "1"]
[TimeControl "40/5400+30:1800+30"]

1. e4 e5 2. Nf3 Nc6 3. d4 Qf6 4. d5 Nd4 5. Nxd4 exd4 6. Nd2 Bb4 7. a3 Bxd2+ 8. Qxd2 Ne7 9. b4 d3 10. c3 Qg6 11. Qxd3 d6 12. Bf4 O-O 13. g3 Qf6 14. Qd4 Qxd4 15. cxd4 f5 16. f3 fxe4 17. fxe4 Ng6 18. Be3 Bg4 19. Bg2 Rae8 20. Rf1 Rxf1+ 21. Kxf1 Bf5 22. exf5 Rxe3 23. fxg6 hxg6 24. Rc1 Re7 25. Bh3 Kf8 26. Be6 b6 27. Ke2 g5 28. Kf3 g6 29. Kg4 Rg7 30. Kxg5 1-0

[Event "AUT Bundesliga Women 2021-22"]
[Site "Austria"]
[Date "2022.03.26"]
[Round "6.17"]
[White "Landl, Margot"]
[Black "Zatonskih, Anna"]
[Result "1/2-1/2"]
[ECO "C10"]
[WhiteElo "2043"]
[BlackElo "2403"]
[Annotator "ChessBase"]
[PlyCount "54"]
[EventDate "2021.11.06"]
[EventType "team-tourn"]
[EventCountry "AUT"]
[SourceTitle "playchess.com"]
[Source "ChessBase"]
[SourceQuality "1"]
[TimeControl "40/5400+30:1800+30"]

1. e4 e6 2. d4 d5 3. Nc3 dxe4 4. Nxe4 Bd7 5. Nf3 Bc6 6. Bd3 Nd7 7. Qe2 Ngf6 8. Bd2 Nxe4 9. Bxe4 Bxe4 10. Qxe4 c6 11. c4 Nf6 12. Qe2 Be7 13. O-O O-O 14. Bc3 Qc7 15. Rfd1 Rad8 16. Rac1 Rfe8 17. b4 Qf4 18. Re1 Qb8 19. Ne5 Bd6 20. a4 Nd7 21. g3 Nf8 22. f4 Qc7 23. Nf3 Qb8 24. Ne5 Qc7 25. Nf3 Qb8 26. Ne5 Qc7 27. Nf3 Qb8 1/2-1/2

[Event "AUT Bundesliga Women 2021-22"]
[Site "Austria"]
[Date "2022.03.26"]
[Round "6.18"]
[White "Papp, Sarah"]
[Black "Truszkiewicz, Eliza"]
[Result "1-0"]
[ECO "C88"]
[WhiteElo "2301"]
[BlackElo "1897"]
[Annotator "ChessBase"]
[PlyCount "65"]
[EventDate "2021.11.06"]
[EventType "team-tourn"]
[EventCountry "AUT"]
[SourceTitle "playchess.com"]
[Source "ChessBase"]
[SourceQuality "1"]
[TimeControl "40/5400+30:1800+30"]

1. e4 e5 2. Nf3 Nc6 3. Bb5 a6 4. Ba4 Nf6 5. O-O Be7 6. Re1 b5 7. Bb3 d6 8. c3 Bg4 9. h3 Bh5 10. d3 O-O 11. Nbd2 Na5 12. Bc2 Nd7 13. g4 Bg6 14. b4 Nb7 15. a4 c5 16. a5 Qc7 17. Nf1 d5 18. Ne3 d4 19. Nd5 Qd8 20. cxd4 cxd4 21. Bd2 h6 22. Bb3 Kh8 23. Rc1 Bd6 24. Rc6 Qb8 25. Nh4 Nd8 26. Rc2 Qb7 27. Nf5 Bxf5 28. gxf5 Rc8 29. Rxc8 Qxc8 30. Qh5 Kh7 31. Kh1 Rh8 32. Rg1 Kg8 33. Bxh6 1-0

[Event "AUT Bundesliga Women 2021-22"]
[Site "Austria"]
[Date "2022.03.26"]
[Round "6.20"]
[White "Theissl-Pokorna, Regina"]
[Black "Mattersberger, Melanie"]
[Result "1-0"]
[ECO "C45"]
[WhiteElo "2296"]
[BlackElo "1763"]
[Annotator "ChessBase"]
[PlyCount "62"]
[EventDate "2021.11.06"]
[EventType "team-tourn"]
[EventCountry "AUT"]
[SourceTitle "playchess.com"]
[Source "ChessBase"]
[SourceQuality "1"]
[TimeControl "40/5400+30:1800+30"]

1. e4 e5 2. Nf3 Nc6 3. d4 exd4 4. Nxd4 Bc5 5. Be3 Qf6 6. Nb5 Bxe3 7. fxe3 Qh4+ 8. g3 Qxe4 9. Nxc7+ Kd8 10. Nxa8 Qxh1 11. Qd6 Nge7 12. Nd2 Qd5 13. Qc7+ Ke8 14. Qxc8+ Nxc8 15. Nc7+ Kd8 16. Nxd5 Re8 17. O-O-O Nd6 18. Nc4 Ne4 19. Bg2 Nc5 20. Nd6 Rf8 21. b4 Ne6 22. Nxb7+ Kc8 23. Nd6+ Kd8 24. Kb2 Ne5 25. Kb3 Ng4 26. h3 Ne5 27. a4 Nc7 28. Nxc7 Kxc7 29. Nc4 f6 30. Nxe5 fxe5 31. Rf1 Rh8 1-0

[Event "AUT Bundesliga Women 2021-22"]
[Site "Austria"]
[Date "2022.03.27"]
[Round "7.1"]
[White "Zatonskih, Anna"]
[Black "Richterova, Natasa"]
[Result "1-0"]
[ECO "A46"]
[WhiteElo "2403"]
[BlackElo "2162"]
[Annotator "ChessBase"]
[PlyCount "101"]
[EventDate "2021.11.06"]
[EventType "team-tourn"]
[EventCountry "AUT"]
[SourceTitle "playchess.com"]
[Source "ChessBase"]
[SourceQuality "1"]
[TimeControl "40/5400+30:1800+30"]

1. d4 Nf6 2. Nf3 d5 3. c4 e6 4. cxd5 exd5 5. Bg5 c6 6. Nc3 Be7 7. Qc2 O-O 8. e3 Nbd7 9. Bd3 h6 10. Bh4 Re8 11. O-O Ne4 12. Bxe7 Qxe7 13. Rab1 Ndf6 14. b4 a6 15. Ne5 Nxc3 16. Qxc3 Ng4 17. Nf3 Bd7 18. a4 Rac8 19. Qc5 Qxc5 20. bxc5 Rc7 21. Rb2 Bc8 22. Rfb1 g6 23. h3 Nf6 24. Kf1 Kg7 25. Ke2 Nd7 26. Kd2 Re7 27. Kc3 Re8 28. Nd2 f5 29. Nf3 Re6 30. Rg1 Re8 31. g4 fxg4 32. Rxg4 Nf8 33. Rg3 Rf7 34. Ne5 Rf6 35. f4 Kh7 36. h4 h5 37. Rg5 Kh6 38. Rbg2 Bg4 39. Kd2 a5 40. Nxg4+ hxg4 41. R2xg4 Rfe6 42. Rg3 b6 43. cxb6 Rb8 44. h5 Rxb6 45. hxg6 Kg7 46. Rh5 Rb2+ 47. Kc3 Rb8 48. Re5 Rb4 49. Rxe6 Nxe6 50. f5 Nf8 51. f6+ 1-0

[Event "AUT Bundesliga Women 2021-22"]
[Site "Austria"]
[Date "2022.03.27"]
[Round "7.2"]
[White "Batyte, Daiva"]
[Black "Papp, Sarah"]
[Result "0-1"]
[ECO "A21"]
[WhiteElo "2105"]
[BlackElo "2301"]
[Annotator "ChessBase"]
[PlyCount "101"]
[EventDate "2021.11.06"]
[EventType "team-tourn"]
[EventCountry "AUT"]
[SourceTitle "playchess.com"]
[Source "ChessBase"]
[SourceQuality "1"]
[TimeControl "40/5400+30:1800+30"]

1. c4 e5 2. Nc3 Bb4 3. Qb3 Bxc3 4. Qxc3 Nc6 5. Nf3 Qf6 6. d3 d6 7. g3 h6 8. Bg2 Nge7 9. e3 Bg4 10. Nd2 Qe6 11. h3 Bf5 12. e4 Bh7 13. Nb3 a5 14. a4 f5 15. h4 O-O 16. Be3 Nb4 17. Nxa5 Nxd3+ 18. Qxd3 Rxa5 19. b4 Raa8 20. exf5 Bxf5 21. Bd5 Nxd5 22. Qxd5 Qxd5 23. cxd5 Be4 24. Rg1 Bxd5 25. a5 Bc4 26. Kd2 d5 27. f4 d4 28. Bf2 Ra6 29. Rac1 Rc6 30. Rg2 exf4 31. gxf4 Rxf4 32. Rcg1 Kh8 33. Rh2 d3 34. Be3 Re4 35. Bc5 Re2+ 36. Rxe2 dxe2 37. Bf8 g6 38. Bxh6 Rd6+ 39. Kc1 Rf6 40. Re1 Rf3 41. Bd2 Rh3 42. Rg1 Rxh4 43. Be1 Rh6 44. Rg5 c6 45. Rg4 Ba6 46. Kd2 Kh7 47. Rh4 Rxh4 48. Bxh4 Kh6 49. Ke3 Kh5 50. Be1 Kg4 51. Ke4 0-1

[Event "AUT Bundesliga Women 2021-22"]
[Site "Austria"]
[Date "2022.03.27"]
[Round "7.3"]
[White "Worek, Joanna"]
[Black "Mar, Karmen"]
[Result "1-0"]
[ECO "B84"]
[WhiteElo "2267"]
[BlackElo "2074"]
[Annotator "ChessBase"]
[PlyCount "41"]
[EventDate "2021.11.06"]
[EventType "team-tourn"]
[EventCountry "AUT"]
[SourceTitle "playchess.com"]
[Source "ChessBase"]
[SourceQuality "1"]
[TimeControl "40/5400+30:1800+30"]

1. e4 c5 2. Nf3 d6 3. d4 cxd4 4. Nxd4 Nf6 5. Nc3 a6 6. Be2 e6 7. Be3 Be7 8. f4 Qc7 9. g4 h6 10. h4 g6 11. h5 gxh5 12. g5 Nh7 13. Bxh5 hxg5 14. Bxf7+ Kxf7 15. Qh5+ Kf8 16. fxg5 Bf6 17. gxf6 Qf7 18. Bh6+ Ke8 19. Bg7 Qxh5 20. Rxh5 Rg8 21. Rxh7 1-0

[Event "AUT Bundesliga Women 2021-22"]
[Site "Austria"]
[Date "2022.03.27"]
[Round "7.4"]
[White "Saler-Grafenberger, Elisabeth"]
[Black "Theissl-Pokorna, Regina"]
[Result "0-1"]
[ECO "E18"]
[WhiteElo "1828"]
[BlackElo "2296"]
[Annotator "ChessBase"]
[PlyCount "94"]
[EventDate "2021.11.06"]
[EventType "team-tourn"]
[EventCountry "AUT"]
[SourceTitle "playchess.com"]
[Source "ChessBase"]
[SourceQuality "1"]
[TimeControl "40/5400+30:1800+30"]

1. d4 Nf6 2. Nf3 e6 3. c4 b6 4. g3 Bb7 5. Bg2 Be7 6. O-O O-O 7. Nc3 Ne4 8. Nxe4 Bxe4 9. b3 f5 10. Bb2 Bf6 11. Qd2 d6 12. Rad1 Nd7 13. Ne1 Bxg2 14. Nxg2 Qe8 15. Qd3 Qf7 16. Ba3 Be7 17. Bc1 Rad8 18. e4 e5 19. exf5 Qxf5 20. Qxf5 Rxf5 21. Ne3 Rf7 22. Nd5 c6 23. Nxe7+ Rxe7 24. Bg5 Nf6 25. dxe5 Rxe5 26. Bxf6 gxf6 27. Rd2 Kf7 28. Rfd1 Ke6 29. f4 Re4 30. Kf2 f5 31. Kf3 h5 32. h3 d5 33. cxd5+ cxd5 34. Rc2 d4 35. Rc6+ Rd6 36. Rc7 Re3+ 37. Kf2 Kd5 38. Rf7 Rde6 39. Rxf5+ Ke4 40. Rxh5 d3 41. Rd2 Kd4 42. Rh7 Kc3 43. Rxd3+ Rxd3 44. Rxa7 Kd2 45. Rg7 Re2+ 46. Kf1 Rf3+ 47. Kg1 Ke1 0-1

[Event "AUT Bundesliga Women 2021-22"]
[Site "Austria"]
[Date "2022.03.27"]
[Round "7.5"]
[White "Mihok-Juhasz, Barbara"]
[Black "Landl, Margot"]
[Result "1-0"]
[ECO "A04"]
[WhiteElo "2275"]
[BlackElo "2043"]
[Annotator "ChessBase"]
[PlyCount "83"]
[EventDate "2021.11.06"]
[EventType "team-tourn"]
[EventCountry "AUT"]
[SourceTitle "playchess.com"]
[Source "ChessBase"]
[SourceQuality "1"]
[TimeControl "40/5400+30:1800+30"]

1. Nf3 f5 2. d3 d6 3. e4 e5 4. Nc3 Nc6 5. d4 exd4 6. Nxd4 Nxd4 7. Qxd4 Nf6 8. Bg5 Be7 9. Bc4 h6 10. Bd2 fxe4 11. Nxe4 c6 12. Nxf6+ Bxf6 13. Qe3+ Qe7 14. Qxe7+ Kxe7 15. O-O-O d5 16. Bd3 Kf7 17. Rde1 Bd7 18. h4 h5 19. c4 Be6 20. c5 b6 21. Bg6+ Kxg6 22. Rxe6 Rac8 23. cxb6 axb6 24. Rhe1 Rc7 25. Bf4 Rcc8 26. Bg5 Rhf8 27. f4 Kf5 28. g3 Bxg5 29. R1e5+ Kg4 30. Rxg5+ Kf3 31. Rxg7 Rfe8 32. f5 Rxe6 33. fxe6 Re8 34. e7 c5 35. b3 d4 36. Kd2 b5 37. Kd3 Kf2 38. a3 Kg2 39. b4 c4+ 40. Kxd4 Rc8 41. Kc3 Kh3 42. Rg5 1-0

[Event "AUT Bundesliga Women 2021-22"]
[Site "Austria"]
[Date "2022.03.27"]
[Round "7.6"]
[White "Truszkiewicz, Eliza"]
[Black "Miturova, Magdalena"]
[Result "0-1"]
[ECO "C50"]
[WhiteElo "1897"]
[BlackElo "2205"]
[Annotator "ChessBase"]
[PlyCount "42"]
[EventDate "2021.11.06"]
[EventType "team-tourn"]
[EventCountry "AUT"]
[SourceTitle "playchess.com"]
[Source "ChessBase"]
[SourceQuality "1"]
[TimeControl "40/5400+30:1800+30"]

1. e4 e5 2. Nf3 Nc6 3. Bc4 Nf6 4. d3 Bc5 5. Bg5 h6 6. Bh4 Be7 7. Bg3 d6 8. h3 O-O 9. Nbd2 Na5 10. Bb3 Nxb3 11. axb3 Nh7 12. Nf1 f5 13. exf5 Bxf5 14. Ne3 Be6 15. O-O Qe8 16. Kh1 Nf6 17. Bh2 Nh5 18. d4 exd4 19. Nxd4 Bd7 20. Nd5 Bd8 21. Qe2 Bxh3 0-1

[Event "AUT Bundesliga Women 2021-22"]
[Site "Austria"]
[Date "2022.03.27"]
[Round "7.7"]
[White "Exler, Veronika"]
[Black "Zechner, Andrea"]
[Result "1-0"]
[ECO "C00"]
[WhiteElo "2089"]
[BlackElo "1851"]
[Annotator "ChessBase"]
[PlyCount "77"]
[EventDate "2021.11.06"]
[EventType "team-tourn"]
[EventCountry "AUT"]
[SourceTitle "playchess.com"]
[Source "ChessBase"]
[SourceQuality "1"]
[TimeControl "40/5400+30:1800+30"]

1. e4 e6 2. d4 d5 3. Bd3 c5 4. exd5 exd5 5. Nf3 Nf6 6. O-O Nc6 7. Re1+ Be7 8. dxc5 O-O 9. c3 Bxc5 10. Be3 Bd6 11. Qc2 Bg4 12. Nbd2 Qc7 13. Bg5 h6 14. Bxf6 gxf6 15. Bf5 Bxf5 16. Qxf5 Ne5 17. Qxf6 Rae8 18. Qxh6 Re6 19. Qh3 Kg7 20. Nxe5 Bxe5 21. g3 Rh8 22. Qf5 Rhh6 23. Nf3 Bd6 24. Qxd5 Ref6 25. Nd4 Rhg6 26. Nf5+ Kf8 27. Nxd6 Rxd6 28. Qe5 Qc6 29. Rad1 Rde6 30. Qh8+ Rg8 31. Rd8+ Ke7 32. Rxe6+ Qxe6 33. Qh4+ f6 34. Rd4 Kf7 35. Qh7+ Rg7 36. Qh5+ Ke7 37. Qb5 b6 38. Qd3 Rg5 39. f4 1-0

[Event "AUT Bundesliga Women 2021-22"]
[Site "Austria"]
[Date "2022.03.27"]
[Round "7.8"]
[White "Mattersberger, Melanie"]
[Black "Moerwald, Magdalena"]
[Result "0-1"]
[ECO "B10"]
[WhiteElo "1763"]
[BlackElo "1895"]
[Annotator "NA"]
[PlyCount "106"]
[EventDate "2021.11.06"]
[EventType "team-tourn"]
[EventCountry "AUT"]
[SourceTitle "playchess.com"]
[Source "ChessBase"]
[SourceQuality "1"]
[TimeControl "40/5400+30:1800+30"]

1. e4 c6 2. Nc3 d5 3. Nf3 dxe4 4. Nxe4 Nf6 5. Qe2 Nxe4 6. Qxe4 Qd5 7. d3 Nd7 8. g3 Nf6 9. Qxd5 Nxd5 10. a3 g6 11. Bg2 Bg7 12. O-O O-O 13. Re1 Re8 14. Rb1 Bf5 15. Bg5 h6 16. Bd2 Rad8 (16... e5 $142) 17. h3 Nc7 18. Bb4 $11 Be6 19. Ne5 Bd5 20. Ba5 b6 21. Nxc6 Bxc6 22. Bxc6 bxa5 23. Bxe8 Rxe8 24. c3 e6 25. Re4 Rb8 26. Rc4 Nb5 27. Re1 Nd6 28. Rc6 Nf5 29. Re2 Rd8 30. Rd2 h5 31. Kg2 Bh6 32. Rd1 Rb8 33. b4 axb4 34. axb4 Ne7 35. Rc7 Nd5 36. Rc6 Rb6 37. Rc8+ Kg7 38. Ra1 Bd2 39. c4 Nxb4 40. Rxa7 Nc6 41. Rac7 Nd4 42. Rd7 e5 43. Rcc7 Rf6 44. Rc5 Nf3 45. h4 Bc3 46. Rb5 Bd4 47. c5 Ne1+ 48. Kh3 Rxf2 49. c6 Rf1 50. g4 Rh1+ 51. Kg3 Rg1+ 52. Kh2 Nf3+ 53. Kh3 hxg4# 0-1

[Event "AUT Bundesliga Women 2021-22"]
[Site "Austria"]
[Date "2022.03.27"]
[Round "7.9"]
[White "Schnegg, Anna-Lena"]
[Black "Hercog, Nusa"]
[Result "1/2-1/2"]
[ECO "B19"]
[WhiteElo "2177"]
[BlackElo "1989"]
[Annotator "ChessBase"]
[PlyCount "70"]
[EventDate "2021.11.06"]
[EventType "team-tourn"]
[EventCountry "AUT"]
[SourceTitle "playchess.com"]
[Source "ChessBase"]
[SourceQuality "1"]
[TimeControl "40/5400+30:1800+30"]

1. e4 c6 2. d4 d5 3. Nc3 dxe4 4. Nxe4 Bf5 5. Ng3 Bg6 6. Nf3 Nd7 7. h4 h6 8. h5 Bh7 9. Bd3 Bxd3 10. Qxd3 e6 11. Bd2 Ngf6 12. Qe2 Be7 13. c4 O-O 14. Bc3 Qc7 15. O-O Bd6 16. Ne5 c5 17. Nxd7 Nxd7 18. Ne4 cxd4 19. Bxd4 Be5 20. Rad1 Rfd8 21. b3 Bxd4 22. Rxd4 Ne5 23. Rfd1 Rxd4 24. Rxd4 Nc6 25. Rd2 Rd8 26. Rxd8+ Qxd8 27. Qd2 Nd4 28. Qe3 Nf5 29. Qd2 Nd4 30. Qe3 Nc6 31. Qd2 Nd4 32. Qe3 Nf5 33. Qd2 Nd4 34. Qe3 Nf5 35. Qd2 Nd4 1/2-1/2